 Dungeon Crawl Stone Soup version 0.27.1-3-gb3d3a73c9e (webtiles) character file.

Game seed: 16309998606825096161

41482 pkoi the Fencer (level 13, -5/103 HPs)
             Began as a Minotaur Gladiator on Oct 24, 2021.
             Was the Champion of Nemelex Xobeh.
             Slain by a sun demon (12 damage)
             ... summoned by the player character
             ... on level 6 of the Lair of Beasts.
             The game lasted 00:23:41 (17555 turns).

pkoi the Fencer (Minotaur Gladiator)               Turns: 17555, Time: 00:23:42

Health: -5/103     AC: 16    Str: 23    XL:     13   Next: 80%
Magic:  0/31       EV: 14    Int:  9    God:    Nemelex Xobeh [******]
Gold:   893        SH:  0    Dex: 10    Spells: 17/19 levels left

rFire    . . .     SeeInvis .   I - +5 demon blade "Guwoixt" {flame, rN+ MP+9 Dex-3}
rCold    + . .     Faith    .   (no shield)
rNeg     + . .     Spirit   +   B - +1 ring mail "Haaduc" {Will+ Regen+ Int+4 Stlth-}
rPois    .         Reflect  .   c - +1 hat
rElec    .         Harm     .   x - +2 cloak
rCorr    .         Rampage  .   (no gloves)
Will     +....                  (no boots)
Stlth    ..........             f - amulet of guardian spirit
HPRegen  1.27/turn              p - ring of protection from cold
MPRegen  0.22/turn              t - +4 ring of protection

@: no status effects
A: horns 2, retaliatory headbutt
a: Renounce Religion, Draw Escape, Draw Destruction, Draw Summoning, Triple
Draw, Deal Four, Stack Five


You were on level 6 of the Lair of Beasts.
You worshipped Nemelex Xobeh.
Nemelex Xobeh was exalted by your worship.
You visited 3 branches of the dungeon, and saw 16 of its levels.
You also visited: Ossuary.

You collected 893 gold pieces.

Inventory:

Hand Weapons
 I - the +5 demon blade "Guwoixt" (weapon) {flame, rN+ MP+9 Dex-3}
   (You found it on level 2 of the Lair of Beasts)

   It burns those it strikes, dealing additional fire damage.
   Big, fiery blades are also staple armaments of hydra-hunters.
   Dex:       It affects your dexterity (-3).
   rN:        It protects you from negative energy.
   MP:        It affects your magic capacity (+9).
Missiles
 d - 3 throwing nets (quivered)
 m - 58 poisoned darts
 q - 4 silver javelins
Armour
 c - a +1 hat (worn)
 x - a +2 cloak (worn)
 B - the +1 ring mail "Haaduc" (worn) {Will+ Regen+ Int+4 Stlth-}
   (You found it on level 6 of the Dungeon)

   Int:       It affects your intelligence (+4).
   Regen:     It increases your rate of health regeneration.
   Will:      It increases your willpower.
   Stlth:     It makes you less stealthy.
Jewellery
 f - an amulet of guardian spirit (around neck)
 g - the amulet of Lahywyca {Reflect +Inv rF- Dex+6 SH+5}
   (You found it on level 2 of the Lair of Beasts)

   [amulet of reflection]

   It reflects blocked missile attacks.
   Dex:       It affects your dexterity (+6).
   rF:        It makes you vulnerable to fire.
   +Inv:      It lets you turn invisible.
   SH:        It affects your SH (+5).
 p - a ring of protection from cold (left hand)
 t - a +4 ring of protection (right hand)
 y - a ring of protection from cold
 M - a ring of resist corrosion
Wands
 h - a wand of mindburst (7)
 k - a wand of flame (7)
 n - a wand of polymorph (18)
 C - a wand of paralysis (6)
 F - a wand of charming (5)
 G - a wand of acid (5)
 J - a wand of iceblast (6)
Scrolls
 a - a scroll of brand weapon
 o - a scroll of magic mapping
 s - 2 scrolls of amnesia
 u - 3 scrolls of enchant armour
 w - 4 scrolls of teleportation
 K - 7 scrolls of identify
 L - a scroll of holy word
Potions
 b - 3 potions of might
 e - 2 potions of ambrosia
 i - 3 potions of flight
 j - 11 potions of curing
 l - 3 potions of berserk rage
 r - 2 potions of cancellation
 v - 5 potions of heal wounds
 z - 5 potions of haste
 A - 2 potions of resistance
 D - 2 potions of brilliance
 E - 4 potions of lignification
 H - a potion of invisibility


   Skills:
 - Level 6.5 Fighting
 + Level 15.6 Long Blades
 - Level 2.0 Throwing
 + Level 9.9 Armour
 + Level 9.9 Dodging
 + Level 3.5 Spellcasting
 + Level 3.9 Translocations
 + Level 13.3 Invocations


You had 17 spell levels left.
You knew the following spells:

 Your Spells              Type           Power      Damage    Failure   Level
a - Blink                 Tloc           N/A        N/A       12%         2

Your spell library contained the following spells:

 Spells                   Type           Power      Damage    Failure   Level
 Lesser Beckoning         Tloc           4%         N/A       24%         3
 Slow                     Hex            1%         N/A       54%         2
 Static Discharge         Conj/Air       1%         N/A       54%         2
 Confusing Touch          Hex            1%         N/A       77%         3
 Ignite Poison            Fire/Tmut/Pois 1%         N/A       77%         3
 Mephitic Cloud           Conj/Pois/Air  1%         N/A       77%         3
 Ozocubu's Armour         Ice            1%         N/A       77%         3
 Vampiric Draining        Necr           0%         2d6       77%         3
 Manifold Assault         Tloc           8%         N/A       92%         5
 Dispel Undead            Necr           1%         3d6       99%         4
 Sticky Flame             Conj/Fire      1%         2d3       99%         4
 Bolt of Magma            Conj/Fire/Erth 0%         4d4       100%        5
 Metabolic Englaciation   Hex/Ice        0%         N/A       100%        5
 Simulacrum               Ice/Necr       0%         N/A       100%        6


Dungeon Overview and Level Annotations

Branches:
Dungeon (9/15)             Temple (1/1) D:7            Lair (6/6) D:9
 Shoals (0/4) Lair:4        Snake (0/4) Lair:4        Slime (0/5) Lair:5
    Orc (0/2) D:9         Ossuary (visited)

Altars:
Ashenzari
Cheibriados
Dithmenos
Elyvilon
Fedhas
Gozag
Hepliaklqana
Kikubaaqudgha
Makhleb
Nemelex Xobeh
Okawaru
Qazlal
Ru
Sif Muna
Trog
Uskayaw
Vehumet
Wu Jian
Xom
Yredelemnul
Zin
The Shining One

Shops:
D:1 ?   D:2 (   D:3 :   D:8 (

Annotations:
Lair:6 3 runed translucent doors


Innate Abilities, Weirdness & Mutations

You have a pair of horns on your head.
You reflexively headbutt those who attack you in melee.


Message History

The spriggan rider is lightly wounded.
The boggart casts a spell.
The sun demon hits you!!
You are engulfed in flames!
* * * LOW HITPOINT WARNING * * *
Unknown command.
You hit the sun demon.
The sun demon is lightly wounded.
The spriggan rider hits you with a +0 spear.
* * * LOW HITPOINT WARNING * * *
Your rakshasa hits the spriggan rider with a +6 whip of venom!
The spriggan rider is poisoned.
Unknown command.
You hit the sun demon.
The sun demon is lightly wounded.
The sun demon hits you but does no damage.
The spriggan rider hits you with a +0 spear.
Your rakshasa hits the spriggan rider with a +6 whip of venom!!
The spriggan rider looks as sick as possible!
Unknown command.
You slash the sun demon!
The sun demon is moderately wounded.
The sun demon hits you!!
* * * LOW HITPOINT WARNING * * *
You are engulfed in flames!
* * * LOW HITPOINT WARNING * * *
Unknown command.
Press: ? - help, v - describe, . - travel
Here: a rakshasa, wielding a +6 whip of venom and wearing a +0 robe (summoned, friendly)
The floor.
Unknown command.
Unknown command.
You draw a card...
You have drawn the Swarm.
The spriggan rider hits you with a +0 spear!
* * * LOW HITPOINT WARNING * * *
Your rakshasa misses the spriggan rider.
The sun demon hits you!
* * * LOW HITPOINT WARNING * * *
You are engulfed in flames!
You die...
Your body glows with a rainbow of weird colours and disappears.

♣♣ ♣....♣♣
)♣
♣...♣♣..♣
♣...♣
.....♣
♣♣.♣♣
♣♣♣.....♣♣♣
♣..♣ ♣♣
♣♣)♣ ♣♣.♣
♣yy♣ ♣♣3y♣
♣R@♣♣ ♣i♣♣
♣g h♣ .♣ ♣♣


You could see a spriggan rider (extremely poisoned, ally target), a sun demon
(summoned, ally target), a polar bear, a boggart, a friendly rakshasa (summoned)
and 3 friendly killer bees.

Vanquished Creatures
  A storm dragon (Lair:4)
  A fire dragon (Lair:5)
  2 hydras
  Erica (Lair:1)
  2 catoblepae
  2 two-headed ogres
  6 death yaks
  5 black mambas
  A merfolk siren (Lair:4)
  15 elephants
  13 cane toads
  A torpor snail (Lair:5)
  4 rime drakes
  8 komodo dragons
  2 trolls
  A merfolk (Lair:4)
  4 hornets
  3 polar bears
  Sigmund (D:2)
  9 spriggans (Lair:6)
  A shadow (D:5)
  31 yaks
  2 wyverns
  A golden eye (Lair:5)
  2 basilisks (Lair:6)
  A naga (Lair:4)
  9 water moccasins
  2 orc warriors
  2 ogres (D:5)
  3 black bears
  9 wolves (Lair:6)
  A boggart (Lair:6)
  5 centaurs
  3 phantoms
  3 kobold brigands
  11 bullfrogs
  9 scorpions (Ossuary)
  A gnoll sergeant (D:7)
  A water moccasin skeleton (D:4)
  7 killer bees (D:9)
  8 wights
  3 electric eels
  4 jellies
  A howler monkey (D:5)
  A bullfrog zombie (D:6)
  5 centaur zombies
  2 human zombies (Ossuary)
  A bullfrog skeleton (D:4)
  A hound (D:2)
  4 orc priests
  2 gnoll shamans
  An iguana (D:5)
  5 orc wizards
  7 hell rats
  4 scorpion zombies (Ossuary)
  2 killer bee zombies
  4 mummies
  26 gnolls
  5 adders
  2 howler monkey skeletons
  2 white imps (D:5)
  2 ufetubi
  An adder skeleton (D:4)
  A worm (D:3)
  A dart slug (D:2)
  28 orcs
  8 ball pythons
  4 endoplasms
  4 giant cockroaches
  2 gnoll zombies (Ossuary)
  6 goblins
  13 hobgoblins
  4 jackals
  48 kobolds
  2 quokkas (D:1)
  3 bats
  3 frilled lizards
  3 goblin zombies (Ossuary)
  4 hobgoblin zombies (Ossuary)
  2 kobold zombies (Ossuary)
  3 orc zombies (Ossuary)
  5 rats (D:1)
423 creatures vanquished.

Vanquished Creatures (collateral kills)
  2 hydras
  A two-headed ogre (D:9)
  A wyvern (Lair:6)
4 creatures vanquished.

Vanquished Creatures (others)
  34 fungi
  39 plants
73 creatures vanquished.

Grand Total: 500 creatures vanquished

Notes
Turn   | Place    | Note
-------+----------+-------------------------------------------
     0 | D:1      | pkoi the Minotaur Gladiator began the quest for the Orb.
     0 | D:1      | Reached XP level 1. HP: 18/18 MP: 0/0
   175 | D:1      | Reached skill level 4 in Long Blades
   209 | D:1      | Reached XP level 2. HP: 23/25 MP: 1/1
   244 | D:1      | Found a faded altar of an unknown god.
   863 | D:1      | Found Sehemule's Magic Scroll Boutique.
  1047 | D:2      | Found Fuofair's Weapon Boutique.
  1148 | D:2      | Reached skill level 5 in Long Blades
  1148 | D:2      | Reached XP level 3. HP: 11/30 MP: 2/2
  1482 | D:2      | Noticed Sigmund
  1755 | D:3      | Reached skill level 6 in Long Blades
  1755 | D:3      | Reached XP level 4. HP: 37/37 MP: 3/3
  1960 | D:3      | Found Tess's Book Shop.
  2091 | D:3      | Found a sparkling altar of Nemelex Xobeh.
  2105 | D:3      | Became a worshipper of Nemelex Xobeh the Trickster
  2532 | D:3      | Reached skill level 1 in Invocations
  2595 | D:4      | Reached XP level 5. HP: 37/42 MP: 3/5
  3071 | D:4      | Reached skill level 7 in Long Blades
  3072 | D:4      | Found a shimmering altar of Xom.
  3297 | D:4      | Reached * piety under Nemelex Xobeh
  3539 | D:4      | Reached XP level 6. HP: 46/50 MP: 5/7
  3837 | D:5      | Entered Level 5 of the Dungeon
  4344 | D:5      | Reached skill level 8 in Long Blades
  4523 | D:5      | Received a gift from Nemelex Xobeh
  4524 | D:5      | Noticed a shadow
  4526 | D:5      | Killed a shadow
  4527 | D:5      | Reached XP level 7. HP: 56/56 MP: 7/9
  4579 | D:5      | Reached skill level 9 in Long Blades
  4579 | D:5      | Reached skill level 5 in Invocations
  4580 | D:5      | HP: 1/56 [acid (5)]
  5317 | D:6      | Reached ** piety under Nemelex Xobeh
  5384 | D:6      | Noticed a two-headed ogre
  5461 | D:6      | Reached XP level 8. HP: 29/62 MP: 4/11
  5900 | D:6      | Identified the +4 long sword of Hairy Punishment {drain,
                  | rC+ rN+ Int+9 Stlth-}
  5953 | D:6      | Reached skill level 10 in Long Blades
  6124 | D:7      | Found a staircase to the Ecumenical Temple.
  6351 | D:7      | Found a sand-covered staircase.
  6377 | Ossuary  | Entered an ossuary
  6678 | Ossuary  | Reached skill level 11 in Long Blades
  6742 | Ossuary  | Reached XP level 9. HP: 49/68 MP: 11/13
  7154 | D:7      | Reached *** piety under Nemelex Xobeh
  7278 | D:7      | Received a gift from Nemelex Xobeh
  8073 | D:6      | Reached skill level 12 in Long Blades
  8917 | D:6      | Identified the +1 ring mail "Haaduc" {Will+ Regen+ Int+4
                  | Stlth-}
  8953 | D:6      | Killed a two-headed ogre
  8954 | D:6      | Reached XP level 10. HP: 74/74 MP: 16/16
  9139 | D:6      | Received a gift from Nemelex Xobeh
  9464 | D:2      | Killed Sigmund
  9465 | D:2      | Reached skill level 13 in Long Blades
  9848 | D:7      | Reached skill level 1 in Armour
  9848 | D:7      | Reached skill level 10 in Invocations
  9856 | Temple   | Entered the Ecumenical Temple
  9995 | D:8      | Received a gift from Nemelex Xobeh
 10005 | D:8      | Reached **** piety under Nemelex Xobeh
 10163 | D:8      | Found Fasam's Antique Weapon Shop.
 10629 | D:9      | Noticed a two-headed ogre
 10635 | D:9      | Killed a two-headed ogre
 10682 | D:9      | Received a gift from Nemelex Xobeh
 10782 | D:9      | Found a staircase to the Lair.
 11030 | D:9      | Received a gift from Nemelex Xobeh
 11131 | D:9      | Found a staircase to the Orcish Mines.
 11141 | D:9      | Noticed a two-headed ogre
 11145 | D:9      | Killed a two-headed ogre
 11146 | D:9      | Reached skill level 5 in Dodging
 11385 | Lair:1   | Entered Level 1 of the Lair of Beasts
 11386 | Lair:1   | Noticed a four-headed hydra
 11391 | Lair:1   | Reached XP level 11. HP: 85/85 MP: 18/18
 11392 | Lair:1   | Killed a four-headed hydra
 11393 | Lair:1   | Reached skill level 5 in Fighting
 11403 | Lair:1   | Reached ***** piety under Nemelex Xobeh
 11404 | Lair:1   | Noticed Erica
 11414 | Lair:1   | Killed Erica
 11494 | Lair:1   | Received a gift from Nemelex Xobeh
 11717 | Lair:1   | Received a gift from Nemelex Xobeh
 12311 | Lair:2   | Identified the +5 demon blade "Guwoixt" {flame, rN+ MP+9
                  | Dex-3}
 12421 | Lair:2   | Identified the amulet of Lahywyca {Reflect +Inv rF- Dex+6
                  | SH+5}
 12437 | Lair:2   | Received a gift from Nemelex Xobeh
 12620 | Lair:2   | Reached skill level 5 in Armour
 12945 | Lair:3   | Noticed a catoblepas
 12949 | Lair:3   | Killed a catoblepas
 13034 | Lair:3   | Noticed an eight-headed hydra
 13035 | Lair:3   | Killed an eight-headed hydra
 13036 | Lair:3   | Reached skill level 14 in Long Blades
 13161 | Lair:3   | Received a gift from Nemelex Xobeh
 13834 | Lair:4   | Reached XP level 12. HP: 80/97 MP: 20/20
 14290 | Lair:4   | Found a staircase to the Shoals.
 14444 | Lair:4   | Received a gift from Nemelex Xobeh
 14505 | Lair:4   | Learned a level 2 spell: Blink
 14550 | Lair:4   | Noticed an eight-headed hydra
 14551 | Lair:4   | Noticed a storm dragon
 14551 | Lair:4   | an eight-headed hydra changed into a storm dragon
 14557 | Lair:4   | Killed a storm dragon
 14602 | Lair:4   | Reached ****** piety under Nemelex Xobeh
 14619 | Lair:4   | Reached skill level 1 in Translocations
 14929 | Lair:4   | Found a staircase to the Snake Pit.
 15196 | Lair:5   | Reached skill level 1 in Spellcasting
 15381 | Lair:5   | Noticed a death yak
 15419 | Lair:4   | Killed a death yak
 15628 | Lair:5   | Found a staircase to the Slime Pits.
 15657 | Lair:5   | Noticed a six-headed hydra
 15747 | Lair:5   | Received a gift from Nemelex Xobeh
 15789 | Lair:5   | Noticed a death yak
 15790 | Lair:5   | Noticed a death yak
 15790 | Lair:5   | Noticed a death yak
 15790 | Lair:5   | Noticed a death yak
 15790 | Lair:5   | Noticed a death yak
 15797 | Lair:5   | Killed a death yak
 15798 | Lair:5   | Reached skill level 15 in Long Blades
 15803 | Lair:5   | Noticed a fire dragon
 15803 | Lair:5   | a death yak changed into a fire dragon
 15805 | Lair:5   | Killed a death yak
 15806 | Lair:5   | Reached XP level 13. HP: 95/103 MP: 21/21
 15830 | Lair:5   | Killed a fire dragon
 16243 | Lair:4   | Identified the +0 long sword of Truncation {spect, +Rage
                  | rPois Stlth+}
 16834 | Lair:6   | Entered Level 6 of the Lair of Beasts
 16868 | Lair:6   | Received a gift from Nemelex Xobeh
 16934 | Lair:6   | Found a runed translucent gate.
 16934 | Lair:6   | Found a runed translucent gate.
 16977 | Lair:6   | Found a runed translucent gate.
 17396 | Lair:6   | Received a gift from Nemelex Xobeh
 17555 | Lair:6   | Slain by a sun demon

Illustrated notes

Levels and vault maps discovered:
D:1:      zaba_arrival_water, layout_loops_ring, serial_shops,
          nicolae_shop_waterfront, ebering_ecumenical_altar_sacrificial,
          minmay_pentomino_s4
D:2:      layout_rooms, serial_shops, nicolae_shop_statue_plus,
          grunt_ministairs_8, interstate_on_off, palyth_stone_intersect,
          kennysheep_generic_room_9, uniq_sigmund
D:3:      layout_basic, nemelex_xobeh_ov_fountains_minmay, serial_shops, shop
D:4:      layout_basic, minmay_ruined_shrine
D:5:      minmay_skewed_foursquare, layout_basic
D:6:      minmay_goblin_kobold_castle, layout_gridville
D:7:      layout_layer_cave, minmay_temple_entry_ruins,
          gup_ossuary_entry_pyramid, hangedman_decor_slide_cut
D:8:      layout_rooms, serial_shops, shop
D:9:      layout_stronghold, dpeg_oklobed_lair, orc_0_dummy,
          minmay_misc_feat_columns, lemuel_flamethrower_hall
Temple:   grunt_wide_crystal_templ
Lair:1:   layout_small_grid, uniq_erica
Lair:2:   layout_roguey, minivault_26, st_stairs_13
Lair:3:   layout_hall_layers, grunt_megastairs_5
Lair:4:   layout_roguey, elwin_shoals_entry_rooms,
          minmay_snake_entry_guardpost_small, lemuel_fruit_tree
Lair:5:   layout_gridlike, slime_dummy, st_stairs_8
Lair:6:   minmay_lair_end_enchanted_forest, layout_gridlike,
          gammafunk_ghost_necromancy, grunt_megastairs_4,
          infiniplex_staircase_pool, serial_bayou_shore_b

Skill      XL: |  1  2  3  4  5  6  7  8  9 10 11 12 13 |
---------------+----------------------------------------+-----
Long Blades    | 4 5 6 7 8 9 11 12 13 14 15 | 15.6
Invocations    | 1 2 4 5 7 9 10 12 13 | 13.3
Armour         | 4 6 8 9 |  9.9
Fighting       | 4 6 |  6.5
Dodging        | 5 7 8 9 |  9.9
Translocations | 2 3 |  3.9
Spellcasting   | 2 3 |  3.5
Throwing       | |  2.0

Action                   |  1- 3 |  4- 6 |  7- 9 | 10-12 | 13-15 || total
-------------------------+-------+-------+-------+-------+-------++-------
Melee: Long sword        |    62 |   145 |   393 |   127 |       ||   727
       Headbutt          |     8 |    27 |    81 |    98 |    62 ||   276
       Demon blade       |       |       |       |   277 |   243 ||   520
Throw: Throwing net      |       |       |     1 |       |       ||     1
Invok: Draw Destruction  |       |     2 |     4 |    40 |       ||    46
       Draw Summoning    |       |       |       |     1 |     6 ||     7
  Use: Scroll            |       |     6 |     5 |    14 |       ||    25
       Potion            |       |     4 |       |       |       ||     4
 Stab: Petrified         |       |       |       |       |     1 ||     1
Armor: Leather armour    |    14 |     1 |       |       |       ||    15
       Plate armour      |       |    96 |   338 |       |       ||   434
       Ring mail         |       |       |       |   124 |    80 ||   204
Dodge: Dodged            |    51 |    48 |   154 |   190 |    99 ||   542
       Rpst.: Long sword |     9 |     7 |    30 |    26 |       ||    72
       Demon blade       |       |       |       |    29 |    21 ||    50
